 Dungeon Crawl Stone Soup version 0.27.1 (webtiles) character file.

Game seed: 17363257159311685010

4567 nxtlvl the Cleaver (level 10, -2/88 HPs)
             Began as a Grey Draconian Berserker on Aug 25, 2021.
             Was a Priest of Trog.
             Slain by a wyvern (8 damage)
             ... on level 8 of the Dungeon.
             The game lasted 00:23:56 (1761 turns).

nxtlvl the Cleaver (Grey Draconian Berserker)       Turns: 1761, Time: 00:23:56

Health: -2/88      AC: 12    Str: 20    XL:     10   Next: 18%
Magic:  10/10      EV: 14    Int: 14    God:    Trog [***...]
Gold:   306        SH:  0    Dex: 13    Spells: 9/9 levels left

rFire    . . .     SeeInvis .   a - +0 war axe
rCold    . . .     Faith    .   (no shield)
rNeg     . . .     Spirit   .   (armour unavailable)
rPois    .         Reflect  .   (helmet restricted)
rElec    .         Harm     .   (no cloak)
rCorr    .         Rampage  .   (no gloves)
Will     +....                  (no boots)
Stlth    +.........             (no amulet)
HPRegen  0.24/turn              m - ring of Laimnar {Will+ Int+6}
MPRegen  0.12/turn              (no ring)

@: on berserk cooldown, slowed, very slow
A: AC +12, amphibious, unfitting armour, cold-blooded
a: Renounce Religion, Berserk, Trog's Hand


You were on level 8 of the Dungeon.
You worshipped Trog.
Trog was most pleased with you.
You visited 1 branch of the dungeon, and saw 8 of its levels.
You also visited: Bailey.

You collected 306 gold pieces.

Inventory:

Hand Weapons
 a - a +0 war axe (weapon)
 b - a +3 hand axe
 t - a +0 arbalest
Missiles
 q - 24 arrows
 w - a throwing net (quivered)
Jewellery
 m - the ring of Laimnar (left hand) {Will+ Int+6}
   (You found it on level 6 of the Dungeon)

   [ring of intelligence]

   Int:       It affects your intelligence (+6).
   Will:      It increases your willpower.
Wands
 g - a wand of charming (5)
 l - a wand of digging (7)
 s - a wand of mindburst (5)
Scrolls
 c - 2 scrolls of amnesia
 f - a scroll of blinking
 h - a scroll of magic mapping {unknown}
 i - 2 scrolls of acquirement {unknown}
 j - a scroll of teleportation
 k - a scroll of immolation {unknown}
 n - 2 scrolls of vulnerability {unknown}
 o - a scroll of identify {unknown}
 x - a scroll of fear {unknown}
Potions
 d - a potion of ambrosia {unknown}
 e - a potion of mutation {unknown}
 p - a potion of heal wounds
 u - 2 potions of curing {unknown}
 v - a potion of brilliance {unknown}
Miscellaneous
 r - a phantom mirror


   Skills:
 + Level 8.3 Fighting
 * Level 11.5 Axes
 + Level 6.9 Dodging


You had 9 spell levels left.
You didn't know any spells.
Your spell library was empty.

Dungeon Overview and Level Annotations

Branches:
Dungeon (8/15)             Temple (0/1) D:6            Lair (0/6) D:8
 Bailey (visited)

Altars:


Innate Abilities, Weirdness & Mutations

Your dull iron-grey scales are very hard. (AC +12)
You are amphibious.
You cannot fit into any form of body armour.
You are cold-blooded and may be slowed by cold attacks.


Message History

The wyvern hisses angrily.
The wyvern hisses menacingly.
The wyvern barely misses you.
You slash the wyvern!
The wyvern is heavily wounded.
The wyvern barely misses you. The wyvern closely misses you.
You hit the wyvern.
You tail-slap the wyvern, but do no damage.
The wyvern is heavily wounded.
The wyvern bites you! The wyvern closely misses you.
You hit the wyvern.
The wyvern is heavily wounded.
The wyvern bites you. x2
You hit the wyvern but do no damage. You tail-slap the wyvern.
The wyvern is severely wounded.
The wyvern bites you but does no damage.
The wyvern closely misses you.
You hit the wyvern.
You tail-slap the wyvern, but do no damage.
The wyvern is severely wounded.
The wyvern bites you! The wyvern barely misses you.
You hit the wyvern but do no damage.
The wyvern is severely wounded.
The wyvern bites you! The wyvern closely misses you. The wyvern bites you!
You barely miss the wyvern.
The wyvern is severely wounded.
The wyvern bites you. The wyvern closely misses you.
You barely miss the wyvern.
The wyvern is severely wounded.
The wyvern bites you!
* * * LOW HITPOINT WARNING * * *
The wyvern completely misses you.
You hit the wyvern.
The wyvern is almost dead.
The wyvern barely misses you. The wyvern bites you!
* * * LOW HITPOINT WARNING * * *
You hit the wyvern.
The wyvern is almost dead.
The wyvern bites you!
You die...

. ...............### ##
...##............#
.####...#............##
...........#..........#
#..........#...##.##..#
#..............####..##
##...............##..#
#Y...........##l##..###
##.........####.@##..[.#
.#..........# ##.......##
........##..####........###
........##................#
.......## #..............###
.......###..♣P.............#
......##...P...P..........##
.......#......P............#
...........P....♣...........#


You could see a wyvern.

Vanquished Creatures
  An orc knight (Bailey)
  Pikel (D:7)
  A gargoyle (D:8)
  A wraith (D:8)
  A basilisk (D:8)
  4 yaks (D:8)
  Menkaure (D:7)
  Duvessa (D:7)
  3 water moccasins (D:8)
  2 orc warriors (Bailey)
  3 sky beasts
  A necrophage (D:8)
  A centaur (D:6)
  2 ogres (D:6)
  2 wolves (D:8)
  3 lemures (D:7)
  A phantom (D:6)
  4 bullfrogs
  2 gnoll sergeants (D:8)
  Dowan (D:7)
  A scorpion (D:4)
  A water moccasin skeleton (D:4)
  A centaur zombie (D:7)
  A bullfrog zombie (D:7)
  2 hounds (D:7)
  An orc priest (D:4)
  2 jellies (D:6)
  2 iguanas
  An orc wizard (D:7)
  8 gnolls (D:8)
  An adder (D:4)
  A white imp (D:7)
  18 orcs
  3 goblins
  3 jackals (D:4)
  8 kobolds
  A ball python (D:3)
  A bat (D:2)
  A rat (D:2)
93 creatures vanquished.

Vanquished Creatures (others)
  A fungus (D:8)
  7 plants (D:8)
8 creatures vanquished.

Grand Total: 101 creatures vanquished

Notes
Turn   | Place    | Note
-------+----------+-------------------------------------------
     0 | D:1      | nxtlvl the Draconian Berserker began the quest for the Orb.
     0 | D:1      | Reached XP level 1. HP: 19/19 MP: 1/1
    54 | D:3      | Reached XP level 2. HP: 26/26 MP: 2/2
    62 | D:2      | Found a faded altar of an unknown god.
    91 | D:3      | Reached skill level 4 in Axes
   103 | D:4      | Noticed a black bear
   170 | D:4      | Reached skill level 5 in Axes
   170 | D:4      | Reached XP level 3. HP: 29/31 MP: 3/3
   170 | D:4      | Reached XP level 4. HP: 36/38 MP: 4/4
   280 | D:4      | Reached XP level 5. HP: 27/45 MP: 5/5
   287 | D:4      | Reached ** piety under Trog
   343 | D:4      | Reached skill level 6 in Axes
   385 | D:5      | Entered Level 5 of the Dungeon
   406 | D:6      | Noticed an ogre
   422 | D:6      | Noticed a centaur
   430 | D:6      | Noticed an ogre
   434 | D:6      | Killed an ogre
   435 | D:6      | Reached XP level 6. HP: 35/51 MP: 6/6
   445 | D:6      | Reached skill level 7 in Axes
   484 | D:6      | Your scales start taking on a dull iron-grey colour.
   484 | D:6      | Reached XP level 7. HP: 49/59 MP: 7/7
   499 | D:6      | Identified the ring of Laimnar {Will+ Int+6}
   511 | D:6      | Found a staircase to the Ecumenical Temple.
   643 | D:7      | Noticed Menkaure
   672 | D:7      | Killed Menkaure
   686 | D:7      | Noticed Duvessa
   686 | D:7      | Noticed Dowan
   713 | D:7      | Reached skill level 8 in Axes
   722 | D:7      | Killed Duvessa
   723 | D:7      | Reached skill level 5 in Fighting
   729 | D:7      | HP: 1/61 [poisoned by Duvessa]
   733 | D:7      | Killed Dowan
   734 | D:7      | Reached XP level 8. HP: 14/68 MP: 8/8
  1047 | D:7      | Noticed Pikel
  1066 | D:7      | Killed Pikel
  1067 | D:7      | Reached skill level 9 in Axes
  1067 | D:7      | Reached skill level 5 in Dodging
  1072 | D:7      | Found a flagged portal.
  1098 | Bailey   | Entered a bailey
  1147 | Bailey   | Noticed an orc knight
  1163 | Bailey   | Killed an orc knight
  1164 | Bailey   | Reached XP level 9. HP: 78/78 MP: 9/9
  1230 | Bailey   | Reached skill level 10 in Axes
  1272 | Bailey   | Found a burning altar of Makhleb.
  1506 | D:8      | Reached *** piety under Trog
  1593 | D:8      | Noticed a gargoyle
  1605 | D:8      | Reached skill level 11 in Axes
  1621 | D:8      | Killed a gargoyle
  1622 | D:8      | Reached XP level 10. HP: 36/88 MP: 10/10
  1667 | D:8      | Found a staircase to the Lair.
  1761 | D:8      | Slain by a wyvern

Illustrated notes

Levels and vault maps discovered:
D:1:      heliophobic_arrival_enchanted_forest, layout_basic,
          minmay_tetromino_l4
D:2:      layout_loops_ring, basic_ecumenical_altar, basic_altar,
          minmay_fountain_box
D:3:      lemuel_castle_with_subvaults [lemuel_castle_interior_original],
          layout_rooms, nicolae_hepliaklqana_hippocampus
D:4:      layout_basic, nzn_wu_jian_council_hall, lightli_minifort
D:5:      layout_basic, grunt_qazlal_clouds, kennysheep_path_1, minivault_5,
          uniq_ijyb
D:6:      layout_basic, minitemple, minmay_temple_entry_mist, chequers_garden,
          grunt_decor_arrowhead
D:7:      layout_basic, enter_bailey_8, uniq_duvessa, uniq_pikel, uniq_menkaure
D:8:      layout_cave_pools, minmay_lair_entry_grove, uniq_grum, uniq_harold

Skill      XL: |  1  2  3  4  5  6  7  8  9 |
---------------+----------------------------+-----
Axes           | 5 6 7 8 9 11 | 11.5
Dodging        | 3 4 5 6 |  6.9
Fighting       | 4 5 6 8 |  8.3

Action                   |  1- 3 |  4- 6 |  7- 9 | 10-12 || total
-------------------------+-------+-------+-------+-------++-------
Melee: Hand axe          |    24 |    50 |   181 |       ||   255
       Tailslap          |     7 |     7 |    33 |     7 ||    54
       War axe           |       |       |    36 |    33 ||    69
Invok: Berserk           |     3 |     5 |    11 |     2 ||    21
       Trog's Hand       |       |       |     2 |       ||     2
  Use: Scroll            |       |       |     4 |       ||     4
       Potion            |       |       |     2 |       ||     2
Armor: Skin              |     3 |     7 |    67 |     9 ||    86
Dodge: Dodged            |    10 |    30 |   117 |    22 ||   179
